 Dungeon Crawl Stone Soup version 0.26.1-11-gd32895ea62 (webtiles) character file.

Game seed: 9265767527834975657

50 Zeld the Digger (level 3, 0/20 HPs)
             Began as a Gargoyle Earth Elementalist on June 10, 2021.
             Slain by a leopard gecko (3 damage)
             ... on level 2 of the Dungeon.
             The game lasted 00:01:56 (1694 turns).

Zeld the Digger (Gargoyle Earth Elementalist)       Turns: 1694, Time: 00:01:56

Health: 0/20       AC:  5    Str: 11    XL:     3   Next: 79%
Magic:  3/6        EV: 12    Int: 16    God:
Gold:   26         SH:  5    Dex: 10    Spells: 0/6 levels left

rFire    . . .     SeeInvis .   (no weapon)
rCold    . . .     Faith    .   (no shield)
rNeg     + . .     Spirit   .   c - +0 robe
rPois    ∞         Reflect  +   (no helmet)
rElec    +         Harm     .   (no cloak)
rCorr    .         Rampage  .   (no gloves)
Will     .....                  (no boots)
Stlth    ++........             h - amulet of reflection
HPRegen  0.06/turn              (no ring)
MPRegen  0.10/turn              (no ring)

@: no status effects
A: negative energy resistance 1, electricity resistance, unbreathing,
petrification resistance, miasma immunity, AC +3
a: no special abilities


You were on level 2 of the Dungeon.
You visited 1 branch of the dungeon, and saw 2 of its levels.

You collected 26 gold pieces.

Inventory:

Missiles
 b - 40 stones (quivered)
Armour
 c - a +0 robe (worn)
Jewellery
 f - a +4 ring of protection {unknown}
 h - an amulet of reflection (around neck)
Scrolls
 g - a scroll of teleportation {unknown}
 i - a scroll of magic mapping {unknown}
 k - a scroll of identify {unknown}
Potions
 a - a potion of attraction {unknown}
 d - 2 potions of resistance {unknown}
 e - 2 potions of berserk rage {unknown}
 j - a potion of curing {unknown}


   Skills:
 + Level 1.4 Fighting
 + Level 2.0 Dodging
 - Level 2.1 Stealth
 + Level 2.4 Spellcasting
 - Level 0.7 Transmutations
 * Level 4.4 Earth Magic


You couldn't memorise any spells.
You knew the following spells:

 Your Spells              Type           Power        Failure   Level
a - Sandblast             Erth           32%          3%          1
b - Passwall              Tmut/Erth      8%           11%         2
c - Stone Arrow           Conj/Erth      18%          24%         3

Your spell library contained the following spells:

 Spells                   Type           Power        Failure   Level
 Petrify                  Tmut/Erth      10%          56%         4
 Lee's Rapid Deconstruct  Erth           8%           65%         5


Dungeon Overview and Level Annotations

Branches:
Dungeon (2/15)

Altars:


Innate Abilities, Weirdness & Mutations

You are resistant to torment.
Your stone body is resilient. (AC +3)
You are immune to poison.
You resist negative energy. (rN+)
You are resistant to electric shocks. (rElec)
You can survive without breathing.
You are immune to petrification.
You are immune to miasma.


Message History

Aim: a jackal (lightly wounded, 26% to evade)
The blast of sand hits the jackal.
The jackal is almost dead.
b - 40 stones The jackal bites you but does no damage.
The leopard gecko bites you.
* * * LOW HITPOINT WARNING * * *
The jackal barely misses you. The jackal completely misses you.
The leopard gecko hisses menacingly.
The leopard gecko bites you but does no damage.
The jackal bites you but does no damage.
The leopard gecko misses you. The leopard gecko misses you.
The leopard gecko bites you but does no damage.
You block the leopard gecko's attack. The jackal barely misses you.
There is a stone staircase leading up here.
The leopard gecko bites you.
You die...

#..
####..#######
#.##.......#
#..........#
###........#
##.......#
#.......#
#.l.....#
#hl.....#
#.@.....#
#.......#
#.......#
#########


You could see 2 leopard geckos and a jackal.

Vanquished Creatures
  An adder (D:2)
  A worm (D:2)
  A dart slug (D:2)
  2 giant cockroaches (D:1)
  4 goblins (D:1)
  5 hobgoblins (D:1)
  3 jackals (D:2)
  6 kobolds (D:1)
  4 bats
  3 frilled lizards
  5 rats (D:1)
35 creatures vanquished.

Notes
Turn   | Place    | Note
-------+----------+-------------------------------------------
     0 | D:1      | Zeld the Gargoyle Earth Elementalist began the quest for
                  | the Orb.
     0 | D:1      | Reached XP level 1. HP: 10/10 MP: 3/3
   332 | D:1      | Reached XP level 2. HP: 7/16 MP: 0/5
   335 | D:1      | Learned a level 2 spell: Passwall
   574 | D:1      | Reached skill level 4 in Earth Magic
   964 | D:1      | Reached skill level 1 in Fighting
  1002 | D:1      | Reached XP level 3. HP: 19/20 MP: 2/6
  1007 | D:1      | Learned a level 3 spell: Stone Arrow
  1666 | D:2      | HP: 1/20 [leopard gecko (4)]
  1694 | D:2      | Slain by a leopard gecko

Illustrated notes

Levels and vault maps discovered:
D:1:      onia_arrival_mini_spirals, layout_basic, minmay_hedge_maze,
          roderic_serpentine_path
D:2:      layout_rooms

Skill      XL: |  1  2  3 |
---------------+----------+-----
Earth Magic    | 4 |  4.4
Fighting       | 1 |  1.4
Dodging        | 2 |  2.0
Stealth        | |  2.1
Spellcasting   | |  2.4
Transmutations | |  0.7

Action                   || total
-------------------------++-------
Melee: Unarmed           ||     6
 Cast: Sandblast         ||    57
Armor: Robe              ||    16
Dodge: Dodged            ||    26
Block: Other             ||     5
